| TOP OF THE 1ST |
|
Stockton Ports batting - Pitching for Visalia Mets : LHP Tom Bolton
|
|
Pitching: LHP Tom Bolton
|
|
|
Batting: RHB Ramon Valdez
|
0-0: Ground out 6-3 (Groundball, 56, EV 101.9 MPH)
|
|
Batting: RHB Eddie Lee
|
0-0: Ball 1-0: Foul Ball, location: 2F 1-1: Fly out, F3 (Popup, 3F, EV 68.8 MPH)
|
|
Batting: RHB Pasquale Raimondo
|
0-0: Ball 1-0: Ground out 6-3 (Groundball, 6, EV 88.8 MPH)
|
| Top of the 1st over - 0 runs, 0 hits, 0 errors, 0 left on base; Stockton 0 - Visalia 0 |
| BOTTOM OF THE 1ST |
|
Visalia Mets batting - Pitching for Stockton Ports : RHP Jim Dorsey
|
|
Pitching: RHP Jim Dorsey
|
|
|
Batting: RHB Danny Ainge
|
0-0: Ground out 5-3 (Groundball, 56S, EV 84.4 MPH)
|
|
Batting: SHB David Navarro
|
0-0: Foul Ball, location: 2F 0-1: Swinging Strike 0-2: Ball 1-2: Foul Ball, location: 2F 1-2: Ball 2-2: Fly out, F8 (Flyball, 8LD, EV 103.8 MPH)
|
|
Batting: LHB Huey Gayden
|
0-0: Ball 1-0: Foul Ball, location: 2F 1-1: Swinging Strike 1-2: Fly out, F7 (Flyball, 7D, EV 106.9 MPH)
|
| Bottom of the 1st over - 0 runs, 0 hits, 0 errors, 0 left on base; Stockton 0 - Visalia 0 |
| TOP OF THE 2ND |
|
Stockton Ports batting - Pitching for Visalia Mets : LHP Tom Bolton
|
|
Batting: SHB Tracy Edwards
|
0-0: Ball 1-0: Called Strike 1-1: Foul Ball, location: 2F 1-2: Ground out 1-3 (Groundball, 15S, EV 66.9 MPH)
|
|
Batting: SHB Jose Mercado
|
0-0: Ground out 4-3 (Groundball, 4, EV 88.1 MPH)
|
|
Batting: LHB Daniel Hoskins
|
0-0: Called Strike 0-1: Ground out 1-3 (Groundball, 25, EV 70.6 MPH)
|
| Top of the 2nd over - 0 runs, 0 hits, 0 errors, 0 left on base; Stockton 0 - Visalia 0 |
| BOTTOM OF THE 2ND |
|
Visalia Mets batting - Pitching for Stockton Ports : RHP Jim Dorsey
|
|
Batting: LHB Pete Dalena
|
0-0: Ball 1-0: Ball 2-0: Ball 3-0: Called Strike 3-1: Foul Ball, location: 2F 3-2: Strikes out swinging
|
|
Batting: RHB Ed Sedar
|
0-0: Ball 1-0: Called Strike 1-1: Ball 2-1: Ball 3-1: Ground out 6-3 (Groundball, 6, EV 85.0 MPH)
|
|
Batting: RHB Gabriel de la Sancha
|
0-0: Ground out 6-3 (Groundball, 6, EV 79.4 MPH)
|
| Bottom of the 2nd over - 0 runs, 0 hits, 0 errors, 0 left on base; Stockton 0 - Visalia 0 |
| TOP OF THE 3RD |
|
Stockton Ports batting - Pitching for Visalia Mets : LHP Tom Bolton
|
|
Batting: RHB Steven Roeder
|
0-0: Called Strike 0-1: Ball 1-1: Called Strike 1-2: Ball 2-2: Ball 3-2: Foul Ball, location: 2F 3-2: Foul Ball, location: 2F 3-2: Ground out 5-3 (Groundball, 56, EV 82.5 MPH)
|
|
Batting: SHB Mike Hennessy
|
0-0: Ball 1-0: Ball 2-0: Foul Ball, location: 2F 2-1: Called Strike 2-2: Foul Ball, location: 2F 2-2: Strikes out swinging
|
|
Batting: RHB Timothy Presko
|
0-0: SINGLE (Groundball, 56D, EV 96.3 MPH)
|
|
Batting: RHB Ramon Valdez
|
0-0: Foul Ball, location: 2F 0-1: Fly out, F9 (Flyball, 89M, EV 81.9 MPH)
|
| Top of the 3rd over - 0 runs, 1 hit, 0 errors, 1 left on base; Stockton 0 - Visalia 0 |
| BOTTOM OF THE 3RD |
|
Visalia Mets batting - Pitching for Stockton Ports : RHP Jim Dorsey
|
|
Batting: RHB Mitchell Ashmore
|
0-0: Ball 1-0: Foul Ball, location: 2F 1-1: DOUBLE (Line Drive, 78D, EV 110.6 MPH)
|
|
Batting: SHB Marcos Gomez
|
0-0: Swinging Strike 0-1: Swinging Strike 0-2: Ball 1-2: Fly out, F8 (Flyball, 8RM, EV 93.8 MPH)
|
|
Batting: RHB Eddie Dennis
|
0-0: Fly out, F5 (Popup, 5L, EV 70.0 MPH)
|
|
Batting: RHB Danny Ainge
|
0-0: Ball 1-0: Ground out 5-3 (Groundball, 56, EV 108.8 MPH)
|
| Bottom of the 3rd over - 0 runs, 1 hit, 0 errors, 1 left on base; Stockton 0 - Visalia 0 |
| TOP OF THE 4TH |
|
Stockton Ports batting - Pitching for Visalia Mets : LHP Tom Bolton
|
|
Batting: RHB Eddie Lee
|
0-0: Ball 1-0: Ball 2-0: Called Strike 2-1: Ground out 6-3 (Groundball, 6M, EV 110.6 MPH)
|
|
Batting: RHB Pasquale Raimondo
|
0-0: Ball 1-0: Called Strike 1-1: Ball 2-1: Fly out, F7 (Flyball, 78D, EV 107.5 MPH)
|
|
Batting: SHB Tracy Edwards
|
0-0: Foul Ball, location: 2F 0-1: Called Strike 0-2: Ball 1-2: Foul Ball, location: 2F 1-2: Strikes out swinging
|
| Top of the 4th over - 0 runs, 0 hits, 0 errors, 0 left on base; Stockton 0 - Visalia 0 |
| BOTTOM OF THE 4TH |
|
Visalia Mets batting - Pitching for Stockton Ports : RHP Jim Dorsey
|
|
Batting: SHB David Navarro
|
0-0: Called Strike 0-1: Swinging Strike 0-2: Strikes out swinging
|
|
Batting: LHB Huey Gayden
|
0-0: Called Strike 0-1: Ball 1-1: SINGLE (Line Drive, 89S, EV 94.4 MPH)
|
|
Batting: LHB Pete Dalena
|
0-0: Ball 1-0: Grounds into double play, 6-4-3 (Groundball, 6S, EV 88.1 MPH)
|
| Bottom of the 4th over - 0 runs, 1 hit, 0 errors, 0 left on base; Stockton 0 - Visalia 0 |
| TOP OF THE 5TH |
|
Stockton Ports batting - Pitching for Visalia Mets : LHP Tom Bolton
|
|
Batting: SHB Jose Mercado
|
0-0: SINGLE (Line Drive, 9S, EV 100.0 MPH)
|
|
Batting: LHB Daniel Hoskins
|
0-0: Fly out, F4 (Popup, 3DF, EV 45.0 MPH)
|
|
Batting: RHB Steven Roeder
|
Pickoff Throw to First - Out! 1-3 0-0: SINGLE (Groundball, 56, EV 89.4 MPH) (infield hit)
|
|
Batting: SHB Mike Hennessy
|
0-0: Ball 1-0: Foul Ball, location: 2F 1-1: Foul Ball, location: 2F 1-2: Ground out 4-3 (Groundball, 4, EV 81.3 MPH)
|
| Top of the 5th over - 0 runs, 2 hits, 0 errors, 1 left on base; Stockton 0 - Visalia 0 |
| BOTTOM OF THE 5TH |
|
Visalia Mets batting - Pitching for Stockton Ports : RHP Jim Dorsey
|
|
Batting: RHB Ed Sedar
|
0-0: Foul Ball, location: 2F 0-1: Foul Ball, location: 2F 0-2: Strikes out swinging
|
|
Batting: RHB Gabriel de la Sancha
|
0-0: Called Strike 0-1: Ball 1-1: Ball 2-1: Ball 3-1: Ground out 5-3 (Groundball, 56S, EV 93.8 MPH)
|
|
Batting: RHB Mitchell Ashmore
|
0-0: Foul Ball, location: 2F 0-1: Called Strike 0-2: Fly out, F9 (Flyball, 9LS, EV 78.1 MPH)
|
| Bottom of the 5th over - 0 runs, 0 hits, 0 errors, 0 left on base; Stockton 0 - Visalia 0 |
| TOP OF THE 6TH |
|
Stockton Ports batting - Pitching for Visalia Mets : LHP Tom Bolton
|
|
Batting: RHB Timothy Presko
|
0-0: Ball 1-0: Bunted foul 1-1: Ball 2-1: SINGLE (Groundball, 4MD, EV 104.4 MPH)
|
|
Batting: RHB Ramon Valdez
|
0-0: Bunted foul 0-1: Bunted foul 0-2: Strikes out swinging
|
|
Batting: RHB Eddie Lee
|
0-0: Called Strike 0-1: Called Strike 0-2: Ball 1-2: Ball 2-2: Ball 3-2: Foul Ball, location: 2F 3-2: Base on Balls Timothy Presko to second
|
|
Pitching: RHP Marcos Gonzalez
|
|
|
Batting: RHB Pasquale Raimondo
|
0-0: Ball 1-0: Called Strike 1-1: Ball 2-1: Ball Wild Pitch! Timothy Presko to third Eddie Lee to second 3-1: Base on Balls
|
|
Batting: SHB Tracy Edwards
|
0-0: Called Strike 0-1: Ball 1-1: Ball 2-1: Ball 3-1: Foul Ball, location: 2F 3-2: Foul Ball, location: 2F 3-2: Strikes out swinging
|
|
Batting: SHB Jose Mercado
|
0-0: Foul Ball, location: 2F 0-1: Foul Ball, location: 2F 0-2: SINGLE (Groundball, 4MD, EV 96.3 MPH) Timothy Presko scores Eddie Lee to third Pasquale Raimondo to second Runner from 3rd tries for Home, SAFE, throw by CF to home
|
|
Batting: LHB Daniel Hoskins
|
0-0: Called Strike 0-1: Ball 1-1: Swinging Strike 1-2: Ball 2-2: Foul Ball, location: 2F 2-2: Fly out, F6 (Line Drive, 6, EV 69.4 MPH)
|
| Top of the 6th over - 2 runs, 2 hits, 0 errors, 2 left on base; Stockton 2 - Visalia 0 |
| BOTTOM OF THE 6TH |
|
Visalia Mets batting - Pitching for Stockton Ports : RHP Jim Dorsey
|
|
Batting: SHB Marcos Gomez
|
0-0: Ball 1-0: Fly out, F8 (Flyball, 89D, EV 83.8 MPH)
|
|
Batting: RHB Eddie Dennis
|
0-0: Swinging Strike 0-1: Ball 1-1: Ball 2-1: Swinging Strike 2-2: Strikes out swinging, 2-3 out at first.
|
|
Batting: RHB Danny Ainge
|
0-0: Called Strike 0-1: Ball 1-1: Called Strike 1-2: Ball 2-2: Ball 3-2: Foul Ball, location: 2F 3-2: Base on Balls
|
|
Batting: SHB David Navarro
|
0-0: Ball 1-0: Fly out, F7 (Flyball, 7, EV 81.9 MPH)
|
| Bottom of the 6th over - 0 runs, 0 hits, 0 errors, 1 left on base; Stockton 2 - Visalia 0 |
| TOP OF THE 7TH |
|
Stockton Ports batting - Pitching for Visalia Mets : RHP Marcos Gonzalez
|
|
Batting: RHB Steven Roeder
|
0-0: Ball 1-0: Foul Ball, location: 2F 1-1: Ball 2-1: Swinging Strike 2-2: Ball 3-2: Strikes out swinging, 2-3 out at first.
|
|
Batting: SHB Mike Hennessy
|
0-0: Called Strike 0-1: Swinging Strike 0-2: Ball 1-2: Ball 2-2: Ball 3-2: Strikes out swinging
|
|
Pitching: RHP Mike Ferguson
|
|
|
Batting: RHB Timothy Presko
|
0-0: Ball 1-0: Fly out, F8 (Flyball, 89D, EV 85.0 MPH)
|
| Top of the 7th over - 0 runs, 0 hits, 0 errors, 0 left on base; Stockton 2 - Visalia 0 |
| BOTTOM OF THE 7TH |
|
Visalia Mets batting - Pitching for Stockton Ports : RHP Jim Dorsey
|
|
Batting: LHB Huey Gayden
|
0-0: Ball 1-0: Ball 2-0: Fly out, F8 (Flyball, 8RD, EV 93.1 MPH)
|
|
Batting: LHB Pete Dalena
|
0-0: Ball 1-0: Fly out, F9 (Flyball, 9LM, EV 85.6 MPH)
|
|
Batting: RHB Ed Sedar
|
0-0: Called Strike 0-1: Ball 1-1: Ball 2-1: Hit by Pitch
|
|
Batting: RHB Gabriel de la Sancha
|
0-0: DOUBLE (Flyball, 8RXD, EV 112.5 MPH) Ed Sedar to third Runner from 3rd tries for Home, SAFE, throw by CF to home
|
|
Batting: RHB Mitchell Ashmore
|
0-0: SINGLE (Groundball, 13S, EV 74.4 MPH) (infield hit) Gabriel de la Sancha to third
|
|
Batting: SHB Marcos Gomez
|
0-0: Swinging Strike 0-1: Called Strike 0-2: Strikes out swinging
|
| Bottom of the 7th over - 1 run, 2 hits, 0 errors, 2 left on base; Stockton 2 - Visalia 1 |
| TOP OF THE 8TH |
|
Stockton Ports batting - Pitching for Visalia Mets : RHP Mike Ferguson
|
|
Batting: RHB Ramon Valdez
|
0-0: Foul Ball, location: 2F 0-1: Ball 1-1: Fly out, F9 (Line Drive, 89M, EV 91.9 MPH)
|
|
Batting: RHB Eddie Lee
|
0-0: Called Strike 0-1: Ball 1-1: Ball 2-1: Foul Ball, location: 2F 2-2: Foul Ball, location: 2F 2-2: Strikes out swinging
|
|
Batting: RHB Pasquale Raimondo
|
0-0: Ball 1-0: Ball 2-0: Called Strike 2-1: Ball 3-1: Foul Ball, location: 2F 3-2: Ground out 5-3 (Groundball, 5S, EV 75.0 MPH)
|
| Top of the 8th over - 0 runs, 0 hits, 0 errors, 0 left on base; Stockton 2 - Visalia 1 |
| BOTTOM OF THE 8TH |
|
Visalia Mets batting - Pitching for Stockton Ports : RHP Jim Dorsey
|
|
Batting: RHB Eddie Dennis
|
0-0: Foul Ball, location: 2F 0-1: Ball 1-1: Ground out 6-3 (Groundball, 6MD, EV 102.5 MPH)
|
|
Batting: RHB Danny Ainge
|
0-0: Called Strike 0-1: Ground out 6-3 (Groundball, 56S, EV 76.9 MPH)
|
|
Batting: SHB David Navarro
|
0-0: Ball 1-0: Ball 2-0: Foul Ball, location: 2F 2-1: Called Strike 2-2: Fly out, F6 (Popup, 6, EV 63.1 MPH)
|
| Bottom of the 8th over - 0 runs, 0 hits, 0 errors, 0 left on base; Stockton 2 - Visalia 1 |
| TOP OF THE 9TH |
|
Stockton Ports batting - Pitching for Visalia Mets : RHP Mike Ferguson
|
|
Batting: SHB Tracy Edwards
|
0-0: Ball 1-0: Ball 2-0: Ball 3-0: Called Strike 3-1: Foul Ball, location: 2F 3-2: Foul Ball, location: 2F 3-2: Base on Balls
|
|
Batting: SHB Jose Mercado
|
0-0: Ball 1-0: Foul Ball, location: 2F 1-1: Ball 2-1: Ball 3-1: Base on Balls Tracy Edwards to second
|
|
Pitching: RHP Timothy O'Neill
|
|
|
Pinch Runner at 2nd Johnny Salery:
|
|
|
Batting: LHB Daniel Hoskins
|
0-0: Called Strike 0-1: Ball 1-1: Fly out, F4 (Popup, 4, EV 78.1 MPH)
|
|
Batting: RHB Steven Roeder
|
0-0: Called Strike 0-1: Foul Ball, location: 2F 0-2: Fly out, F3 (Popup, 23F, EV 93.1 MPH)
|
|
Batting: SHB Mike Hennessy
|
0-0: Called Strike 0-1: Called Strike 0-2: Ball 1-2: SINGLE (Line Drive, 8RS, EV 102.5 MPH) Johnny Salery to third Jose Mercado to second Runner from 3rd tries for Home, SAFE, throw by CF to home
|
|
Batting: RHB Timothy Presko
|
0-0: Ball 1-0: Fly out, F8 (Line Drive, 8LD, EV 98.1 MPH)
|
| Top of the 9th over - 1 run, 1 hit, 0 errors, 2 left on base; Stockton 3 - Visalia 1 |
| BOTTOM OF THE 9TH |
|
Visalia Mets batting - Pitching for Stockton Ports : RHP Jim Dorsey
|
|
Pitching: RHP Miguel Monrroy
|
|
|
Now at C: Mike Ashman
|
|
|
Now at 1B: Randy Guerra
|
|
|
Batting: LHB Huey Gayden
|
0-0: Ball 1-0: Ball 2-0: Foul Ball, location: 2F 2-1: Ball 3-1: Ground out 5-3 (Groundball, 56, EV 87.5 MPH)
|
|
Batting: LHB Pete Dalena
|
0-0: Ball 1-0: Foul Ball, location: 2F 1-1: Called Strike 1-2: Fly out, F8 (Line Drive, 8LD, EV 106.3 MPH)
|
|
Batting: RHB Ed Sedar
|
0-0: Called Strike 0-1: Foul Ball, location: 2F 0-2: Ball 1-2: Ball 2-2: SINGLE (Groundball, 5S, EV 68.1 MPH) (infield hit)
|
|
Batting: RHB Gabriel de la Sancha
|
0-0: Ball 1-0: Ball 2-0: Called Strike 2-1: Swinging Strike 2-2: Ball 3-2: Fly out, F8 (Line Drive, 8LM, EV 91.9 MPH)
|
| Bottom of the 9th over - 0 runs, 1 hit, 0 errors, 1 left on base; Stockton 3 - Visalia 1 |
|